 Dungeon Crawl Stone Soup version 0.22-a0-455-ga0624bf (webtiles) character file.

634 galech the Skirmisher (level 7, -5/112 HPs)
             Began as an Ogre Berserker on June 5, 2018.
             Was a Priest of Trog.
             Shot with an arrow by a centaur (6 damage)
             ... on level 5 of the Dungeon.
             The game lasted 00:07:15 (4467 turns).

galech the Skirmisher (Ogre Berserker)              Turns: 4467, Time: 00:07:16

Health: -5/112     AC:  3    Str: 29    XL:     7   Next: 49%
Magic:  7/7        EV: 11    Int:  8    God:    Trog [***...]
Gold:   135        SH:  0    Dex:  8    Spells: 6/6 levels left

rFire    . . .     SeeInvis .   s - +1 flail (crush)
rCold    . . .     Gourm    .   (no shield)
rNeg     . . .     Faith    .   b - +0 animal skin
rPois    .         Spirit   .   (helmet restricted)
rElec    .         Reflect  .   (no cloak)
rCorr    .         Harm     .   (gloves unavailable)
MR       .....                  (boots unavailable)
Stlth    ..........             (no amulet)
HPRegen  0.28/turn              (no ring)
MPRegen  0.10/turn              (no ring)

@: berserking, lethally poisoned (-5 -> -6), very quick
A: large, unfitting armour, tough skin 1
a: Berserk, Trog's Hand, Renounce Religion


You were on level 5 of the Dungeon.
You worshipped Trog.
Trog was most pleased with you.
You were very hungry.

You visited 1 branch of the dungeon, and saw 5 of its levels.

You collected 187 gold pieces.
You spent 52 gold pieces at shops.

Inventory:

Hand Weapons
 s - a +1 flail of crushing (weapon)
Armour
 b - a +0 animal skin (worn)
Wands
 o - a wand of acid (11)
Scrolls
 a - a scroll of fear
 f - 2 scrolls of amnesia
 g - 4 scrolls of noise
 h - a scroll of teleportation
 i - a scroll of remove curse
 j - 2 scrolls of immolation
 n - a scroll of blinking {unknown}
 p - a scroll of magic mapping {unknown}
 q - a scroll of random uselessness
Potions
 d - 2 potions of haste {unknown}
 e - 2 potions of degeneration {unknown}
 k - a potion of heal wounds {unknown}
 l - 3 potions of curing {unknown}
 m - a potion of agility {unknown}
 r - a potion of berserk rage {unknown}
 u - a potion of mutation {unknown}
Comestibles
 c - 8 rations


   Skills:
 + Level 6.1 Fighting
 + Level 5.6 Maces & Flails
 + Level 4.4 Dodging
 + Level 1.4 Stealth


You had 6 spell levels left.
You didn't know any spells.
Your spell library was empty.

Dungeon Overview and Level Annotations

Branches:
Dungeon (5/15)
 Temple: D:4-7

Altars:
Elyvilon
Gozag

Shops:
D:4 *


Innate Abilities, Weirdness & Mutations

You are too large for most types of armour.
You have tough skin. (AC +1)


Message History

You feel yourself moving faster!
You feel mighty!
You are feeling very hungry.
The ogre hits you with a giant club!
You closely miss the ogre.
You feel sick.
You completely miss the ogre. The iguana barely misses you.
The ogre hits you with a giant club!!
* * * LOW HITPOINT WARNING * * *
You hear a shout!
You completely miss the ogre.
You feel sick.
A shadow imp comes into view.
A centaur comes into view.
The iguana misses you.
You barely miss the ogre.
The centaur wields a shortbow.
The centaur shoots an arrow.
The arrow hits you.
* * * LOW HITPOINT WARNING * * *
The ogre hits you with a giant club!
* * * LOW HITPOINT WARNING * * *
* * * LOW HITPOINT WARNING * * *
You feel sick. The iguana barely misses you.
The centaur shoots an arrow.
The arrow hits you.
You die...

....## .#... c...#
#...# #...#
.).###...######
....5.O†.[....#
#(l### .. #@...# #.
#. ##..#.# .## ...
#...#.# ..# #.#
#.#.#.## #.# #..#
...#.#..# #.##..#
#.>.#.(#.####....###
#.#.##)#..........)#
#.#.
#..#####...##.##
..#.###.# #...##..


You could see an ogre, a centaur and an iguana.

Vanquished Creatures
  An ogre (D:4)
  A crocodile (D:3)
  2 scorpions
  A bullfrog zombie (D:5)
  An orc priest (D:3)
  3 orc wizards
  3 worker ants
  7 adders
  A shadow imp (D:5)
  An ooze (D:3)
  A worm (D:4)
  5 dart slugs
  5 leopard geckos
  4 orcs
  10 giant cockroaches
  9 goblins
  3 hobgoblins
  11 jackals
  A ball python (D:1)
  9 bats
  6 frilled lizards
  5 kobolds
  6 rats
  14 plants (D:1)
110 creatures vanquished.

Notes
Turn   | Place    | Note
-------+----------+-------------------------------------------
     0 | D:1      | galech the Ogre Berserker began the quest for the Orb.
     0 | D:1      | Reached XP level 1. HP: 24/24 MP: 1/1
    70 | D:1      | Reached XP level 2. HP: 23/32 MP: 2/2
   271 | D:1      | Reached XP level 3. HP: 20/40 MP: 3/3
   444 | D:1      | Reached ** piety under Trog
  1161 | D:2      | Found a white marble altar of Elyvilon.
  1202 | D:2      | Reached XP level 4. HP: 37/49 MP: 4/4
  1215 | D:2      | HP: 2/49 [jackal (3)]
  2349 | D:3      | Reached skill level 5 in Fighting
  2349 | D:3      | Reached XP level 5. HP: 41/57 MP: 5/5
  2605 | D:3      | Found an opulent altar of Gozag.
  2857 | D:3      | Noticed a crocodile
  2865 | D:3      | Killed a crocodile
  2865 | D:3      | Reached XP level 6. HP: 40/66 MP: 6/6
  3010 | D:3      | Reached *** piety under Trog
  3399 | D:4      | Found Ofesacoll's Assorted Antiques.
  3403 | D:4      | Reached skill level 1 in Stealth
  3416 | D:4      | Bought a scroll of identify for 52 gold pieces
  3459 | D:4      | Reached skill level 5 in Maces & Flails
  3459 | D:4      | Reached XP level 7. HP: 19/74 MP: 7/7
  4203 | D:5      | Entered Level 5 of the Dungeon
  4257 | D:5      | Reached skill level 6 in Fighting
  4466 | D:5      | HP: 2/112 [ogre/giant club (15)]
  4467 | D:5      | Shot with an arrow by a centaur

Vault maps used:
D:1:      giann_wishing_wells, wad_woods_river_04, nrook_uturn
D:2:      first_ration, elyvilon_altar_5
D:3:      nicolae_gozag_seed_capital, minmay_misc_feat_nine_boxes
D:4:      serial_shops, shop, grunt_decor_cap

Skill      XL: |  1  2  3  4  5  6  7 |
---------------+----------------------+-----
Maces & Flails | 3 4 5 |  5.6
Dodging        | 3 4 |  4.4
Fighting       | 5 6 |  6.1
Stealth        | 1 |  1.4

Action                   |  1- 3 |  4- 6 |  7- 9 || total
-------------------------+-------+-------+-------++-------
Melee: Mace              |   508 |   128 |       ||   636
       Flail             |       |    35 |    43 ||    78
Invok: Trog's Hand       |       |     3 |       ||     3
       Berserk           |       |     3 |     2 ||     5
  Use: Scroll            |       |     8 |       ||     8
       Potion            |       |     1 |       ||     1
 Stab: Sleeping          |       |     1 |       ||     1
  Eat: Ration            |     1 |       |       ||     1
       Chunk             |       |     9 |     5 ||    14
Armor: Animal skin       |    46 |    62 |     5 ||   113
Dodge: Dodged            |    67 |   150 |    25 ||   242

Table legend:
 A = Spawn XP
 B = Non-spawn XP
 C = Spawn XP percentage of total XP
 D = Spawn monster count
 E = Non-spawn monster count
 F = Spawn count percentage of total count
 G = Total turns spent on level
                    A         B        C        D         E        F      G
               +---------+---------+-------+---------+---------+-------+---------
         Total |       0 |     907 |   0.0 |       0 |      96 |   0.0 |  4467
               +---------+---------+-------+---------+---------+-------+---------
           D:1 |       0 |      58 |   0.0 |       0 |      28 |   0.0 |  1370
           D:2 |       0 |      95 |   0.0 |       0 |      27 |   0.0 |   946
           D:3 |       0 |     248 |   0.0 |       0 |      24 |   0.0 |   846
           D:4 |       0 |     335 |   0.0 |       0 |      11 |   0.0 |  1041
           D:5 |       0 |     171 |   0.0 |       0 |       6 |   0.0 |   264
               +---------+---------+-------+---------+---------+-------+---------
